 Dungeon Crawl Stone Soup version 0.16-a0-3265-g401194c (webtiles) character file.

147 Minkie the Cudgeler (level 5, -4/53 HPs)
             Began as an Ogre Warper on Dec 23, 2014.
             Slain by an ogre
             ... wielding a +0 giant club
              (27 damage)
             ... on level 4 of the Dungeon.
             The game lasted 00:08:56 (3306 turns).

Minkie the Cudgeler (Ogre Warper)                   Turns: 3306, Time: 00:08:56

Health: -4/53      AC:  3    Str: 16    XL:     5   Next: 29%
Magic:  9/9        EV: 10    Int: 13    God:
Gold:   99         SH:  0    Dex:  9    Spells: 3 memorised, 3 levels left

rFire  . . .     SeeInvis .     a - +0 mace
rCold  . . .     Clarity  .     b - +0 robe
rNeg   . . .     SustAb   .     (shield restricted)
rPois  .         Gourm    .     (helmet restricted)
rElec  .         Spirit   .     (no cloak)
rCorr  .         Warding  .     (gloves unavailable)
rMut   .         Stasis   .     (boots unavailable)
MR     .....                    (no amulet)
Stlth  +.........               (no ring)
                                (no ring)

@: not resistant to hostile enchantments, very unstealthy
A: unfitting armour, tough skin 1
a: no special abilities


You were on level 4 of the Dungeon.
You were not hungry.

You visited 1 branch of the dungeon, and saw 4 of its levels.

You collected 99 gold pieces.

Inventory:

Hand weapons
 a - a +0 mace (weapon)
Missiles
 e - 5 tomahawks of dispersal (quivered)
Armour
 b - a +0 robe (worn)
Scrolls
 d - a scroll of blinking
 g - a scroll of recharging {unknown}
 i - 3 scrolls of remove curse {unknown}
 j - a scroll of magic mapping {unknown}
 m - a scroll of enchant weapon {unknown}
 n - a scroll of immolation {unknown}
 p - 2 scrolls of identify {unknown}
 q - 2 scrolls of teleportation {unknown}
 r - a scroll of noise {unknown}
Potions
 h - 2 potions of cancellation {unknown}
 k - a potion of curing {unknown}
 l - a potion of restore abilities {unknown}
 o - 2 potions of poison {unknown}
 t - 2 potions of ambrosia {unknown}
Books
 c - a book of Spatial Translocations

   Spells                             Type                      Level
   a - Apportation                    Translocation                1
   b - Blink                          Translocation                2
   c - Shroud of Golubria             Charms/Translocation         2
   d - Portal Projectile              Translocation                3
   e - Teleport Other                 Translocation                3
   f - Passage of Golubria            Translocation                4
Comestibles
 f - 4 meat rations
 s - 2 chunks of flesh
 u - 2 bread rations


   Skills:
 - Level 3.1 Fighting
 + Level 6.8 Maces & Flails
 - Level 1.1 Throwing
 - Level 0.7 Armour
 - Level 1.7 Dodging
 - Level 2.4 Spellcasting
 - Level 2.1 Translocations


You had 3 spell levels left.
You knew the following spells:

 Your Spells              Type           Power        Failure   Level  Hunger
a - Apportation           Tloc           #.........   12%         1    #......
b - Blink                 Tloc           N/A          17%         2    ###....
c - Shroud of Golubria    Chrm/Tloc      #.........   24%         2    ###....


Dungeon Overview and Level Annotations

Branches:
Dungeon (4/15)
 Temple: D:4-7

Altars:
Okawaru
Sif Muna
Vehumet


Innate Abilities, Weirdness & Mutations

You are too large for most types of armour.
You have tough skin (AC +1).


Message History

The ogre is moderately wounded.
You hit the ogre.
The ogre is heavily wounded.
The ogre barely misses you.
You hit the ogre.
The ogre is heavily wounded.
The ogre closely misses you.
You completely miss the ogre.
The ogre is heavily wounded.
The ogre barely misses you.
You hit the ogre but do no damage.
The ogre is heavily wounded.
The ogre hits you with a giant club!
You hit the ogre.
The ogre is heavily wounded.
You hit the ogre.
The ogre is severely wounded.
The ogre hits you with a giant club!!
Ouch! That really hurt!
You die...

. ... ... .. .. #+
.##### #. .....#
#.###.###.....#
#.......@O..._#
##.##...##....#
#......##....#
####...##....######
#...##........<#
#....#.......รท###
#....#..........#
#....#....###.#.#
#....#....+...#.#


You could see an ogre.

Vanquished Creatures
  A worker ant (D:4)
  3 adders
  A giant mite (D:3)
  4 worms
  2 giant geckos
  6 orcs (D:3)
  A ball python (D:4)
  10 bats
  3 giant cockroaches
  8 hobgoblins
  2 jackals
  7 kobolds
  A giant newt (D:1)
  4 goblins
  A quokka (D:1)
  10 rats
64 creatures vanquished.

Notes
Turn   | Place    | Note
--------------------------------------------------------------
     0 | D:1      | Minkie, the Ogre Warper, began the quest for the Orb.
     0 | D:1      | Reached XP level 1. HP: 22/22 MP: 3/3
    64 | D:1      | Reached skill level 3 in Maces & Flails
   368 | D:1      | Reached XP level 2. HP: 31/31 MP: 5/5
   638 | D:1      | Reached skill level 4 in Maces & Flails
   906 | D:1      | Reached XP level 3. HP: 37/37 MP: 6/6
  1437 | D:2      | Found a deep blue altar of Sif Muna.
  1478 | D:2      | Found a radiant altar of Vehumet.
  1506 | D:2      | Reached skill level 5 in Maces & Flails
  1673 | D:2      | Reached XP level 4. HP: 40/45 MP: 8/8
  1748 | D:2      | Learned a level 2 spell: Blink
  1751 | D:2      | Learned a level 2 spell: Shroud of Golubria
  2339 | D:3      | Reached skill level 6 in Maces & Flails
  2675 | D:3      | Reached XP level 5. HP: 53/53 MP: 9/9
  3295 | D:4      | Found an iron altar of Okawaru.
  3295 | D:4      | Noticed an ogre
  3306 | D:4      | Slain by an ogre

Action                   |  1- 3 |  4- 6 || total
-------------------------+-------+-------++-------
Melee: Mace              |   116 |   137 ||   253
 Cast: Shroud of Golubri |       |     4 ||     4
 Stab: Sleeping          |     1 |       ||     1
  Eat: Chunk             |     2 |     6 ||     8
